 Dungeon Crawl Stone Soup version 0.28-a0-2-g643f2454ad (webtiles) character file.

Game seed: 7552363997280733905

92 Demosthentine the Poker (level 4, 0/35 HPs)
             Began as a Merfolk Gladiator on July 22, 2021.
             Slain by an orc wizard (2 damage)
             ... on level 3 of the Dungeon.
             The game lasted 00:02:38 (2559 turns).

Demosthentine the Poker (Merfolk Gladiator)         Turns: 2559, Time: 00:02:39

Health: 0/35       AC:  4    Str: 15    XL:     4   Next: 60%
Magic:  4/4        EV: 13    Int:  7    God:
Gold:   74         SH:  0    Dex: 15    Spells: 3/3 levels left

rFire   . . .      SeeInvis .   a - +0 trident
rCold   . . .      Faith    .   (no shield)
rNeg    . . .      Spirit   .   b - +0 leather armour
rPois   .          Reflect  .   c - +0 helmet
rElec   .          Harm     .   (no cloak)
rCorr   +          Rampage  .   (no gloves)
Will    .....                   (no boots)
Stlth   +.........              (no amulet)
HPRegen 0.11/turn               g - ring of resist corrosion
MPRegen 0.09/turn               (no ring)

@: lethally poisoned (0 -> -5), hasted, very quick
A: (nimble swimmer 2), mertail
a: no special abilities


You were on level 3 of the Dungeon.
You visited 1 branch of the dungeon, and saw 3 of its levels.

You collected 74 gold pieces.

Inventory:

Hand Weapons
 a - a +0 trident (weapon)
Missiles
 d - 2 throwing nets (quivered)
Armour
 b - a +0 leather armour (worn)
 c - a +0 helmet (worn)
Jewellery
 g - a ring of resist corrosion (left hand)
Potions
 e - a potion of magic


   Skills:
 + Level 3.1 Fighting
 + Level 5.4 Polearms
 - Level 2.0 Throwing
 + Level 1.3 Armour
 + Level 4.8 Dodging


You had 3 spell levels left.
You didn't know any spells.
Your spell library was empty.

Dungeon Overview and Level Annotations

Branches:
Dungeon (3/15)

Altars:


Innate Abilities, Weirdness & Mutations

((You are quick and stealthy near water. (Stealth+, EV+, Speed+++)))
Your lower body shifts to a powerful aquatic tail in water.


Message History

You are poisoned.
You feel very sick.
The orc shouts!
You hear a bark!
Unknown command.
A ball python comes into view.
You feel sick.
You barely miss the orc wizard.
You feel sick. The orc wizard barely misses you.
You completely miss the orc wizard.
You feel sick.
The orc wizard gestures at you while chanting.
The magic dart hits you.
* * * LOW HITPOINT WARNING * * *
Unknown command.
You feel sick.
You feel sick.
You feel sick.
It was a potion of magic.
Magic courses through your body.
You feel sick.
You are no longer poisoned.
The orc wizard gestures wildly while chanting.
The orc wizard flickers and vanishes!
Deactivating autopickup; reactivate with Ctrl-A.
It was a potion of curing.
You feel better. The ball python misses you. The ball python barely misses you.
You puncture the ball python!
You kill the ball python!
The orc warrior throws a boomerang.
The boomerang closely misses you.
Reach: a) +0 trident
Press: ? - help, Dir - move target, f - orc warrior
Aim: an orc warrior, wielding a +0 battleaxe, wearing a +0 plate armour and quivering boomerangs (about 40% to evade your +0 trident)
Something you can't see is in the way.
You barely miss something. Something hits you.
* * * LOW HITPOINT WARNING * * *
It was a potion of haste.
You feel yourself speed up. Something hits you.
* * * LOW HITPOINT WARNING * * *
You are lethally poisoned!
Unknown command.
You closely miss something.
* * * LOW HITPOINT WARNING * * *
You feel sick. Something hits you.
You die...

#.# ..... .
..##...... ..
.o#...... ...
###o.oo....
....
#.o<.oo....
.....
#.####...##
......#.# .#
..#....####
.......o{@.#
......####...#
...... ##.....
...... ##..
..... . .#...
#.#


You could see an orc warrior.

Vanquished Creatures
  An iguana (D:2)
  A worm (D:2)
  3 dart slugs
  6 endoplasms
  A giant cockroach (D:1)
  9 goblins
  5 hobgoblins
  3 jackals (D:2)
  A quokka (D:1)
  8 ball pythons
  4 bats (D:1)
  5 frilled lizards (D:2)
  4 kobolds (D:1)
  3 rats (D:1)
54 creatures vanquished.

Notes
Turn   | Place    | Note
-------+----------+-------------------------------------------
     0 | D:1      | Demosthentine the Merfolk Gladiator began the quest for the
                  | Orb.
     0 | D:1      | Reached XP level 1. HP: 16/16 MP: 1/1
    58 | D:1      | Reached XP level 2. HP: 18/23 MP: 2/2
   620 | D:1      | Reached XP level 3. HP: 23/28 MP: 3/3
   905 | D:1      | Found a faded altar of an unknown god.
   935 | D:1      | Reached skill level 5 in Polearms
  1099 | D:1      | Reached skill level 1 in Armour
  1761 | D:2      | Reached XP level 4. HP: 30/34 MP: 4/4
  2545 | D:3      | Noticed an orc warrior
  2559 | D:3      | Slain by an orc wizard

Illustrated notes

Levels and vault maps discovered:
D:1:      lemuel_arrival_broad_hall, layout_basic,
          hellmonk_ecumenical_altar_prayer_group
D:2:      layout_loops_ring, serial_glass, glass_columns_a, glass_columns_a
D:3:      minmay_wonky_spiral, layout_rooms, nicolae_ru_awakened_eye

Skill      XL: |  1  2  3  4 |
---------------+-------------+-----
Polearms       | 5 |  5.4
Armour         | 1 |  1.3
Fighting       | 3 |  3.1
Throwing       | |  2.0
Dodging        | |  4.8

Action                   |  1- 3 |  4- 6 || total
-------------------------+-------+-------++-------
Melee: Trident           |   133 |    52 ||   185
Throw: Throwing net      |       |     1 ||     1
  Use: Potion            |       |     4 ||     4
 Stab: Sleeping          |     3 |     1 ||     4
       Held in net/web   |       |     2 ||     2
Armor: Leather armour    |    26 |     3 ||    29
Dodge: Dodged            |    74 |    28 ||   102

Table legend: (Time is in decaauts)
 A = Elapsed time spent in this place.
 B = Non-inter-level travel time spent in this place.
 C = Inter-level travel time spent in this place.
 D = Time resting spent in this place.
 E = Time spent auto-exploring this place.
 F = Levels seen in this place.
 G = Mean time per level.
                   A        B        C        D        E       F      G
               +--------+--------+--------+--------+--------+-----+--------+
         Total |   2573 |   2515 |     58 |    284 |   1872 |   3 |  857.7 |
       Dungeon |   2573 |   2515 |     58 |    284 |   1872 |   3 |  857.7 |
               +--------+--------+--------+--------+--------+-----+--------+

Top non-repeatable levels by time:
     D:2: 1321 daAuts
     D:1: 1238 daAuts
     D:3: 13 daAuts
